| TOP OF THE 1ST |
|
Eugene Emeralds batting - Pitching for Salt Lake City Bees : RHP Jamie Nelson
|
|
Pitching: RHP Jamie Nelson
|
|
|
Batting: LHB James Peters
|
0-0: Called Strike 0-1: Ball 1-1: Swinging Strike 1-2: SOLO HOME RUN (Flyball, 9LD, EV 98.1 MPH), Distance : 354 ft
|
|
Batting: LHB Randy Bush
|
0-0: Swinging Strike 0-1: Foul Ball, location: 2F 0-2: Ball 1-2: Ground out 5-3 (Groundball, 5L, EV 103.1 MPH)
|
|
Batting: LHB Ty Gainey
|
0-0: Foul Ball, location: 2F 0-1: Swinging Strike 0-2: Ball 1-2: Ball 2-2: Strikes out looking
|
|
Batting: LHB Dave Revering
|
0-0: Called Strike 0-1: Foul Ball, location: 2F 0-2: Foul Ball, location: 2F 0-2: DOUBLE (Line Drive, 89D, EV 105.6 MPH)
|
|
Batting: LHB Rick Lancellotti
|
0-0: Ball 1-0: Ground out 6-3 (Groundball, 6, EV 103.8 MPH)
|
| Top of the 1st over - 1 run, 2 hits, 0 errors, 1 left on base; Eugene 1 - Salt Lake City 0 |
| BOTTOM OF THE 1ST |
|
Salt Lake City Bees batting - Pitching for Eugene Emeralds : RHP Armando Gutierrez
|
|
Pitching: RHP Armando Gutierrez
|
|
|
Batting: LHB Mike Cole
|
0-0: Ball 1-0: Ball 2-0: Called Strike 2-1: Fly out, F8 (Flyball, 8LD, EV 96.9 MPH)
|
|
Batting: LHB Eric Attaway
|
0-0: Ball 1-0: SINGLE (Groundball, 4MD, EV 95.6 MPH)
|
|
Batting: LHB Thomas Dorsey
|
0-0: Ball 1-0: Fly out, F8 (Flyball, 89M, EV 85.0 MPH)
|
|
Batting: RHB Robert Potts
|
0-0: Ball 1-0: Called Strike 1-1: Ball 2-1: Ball 3-1: Called Strike 3-2: Foul Ball, location: 2F 3-2: Foul Ball, location: 2F 3-2: Base on Balls Eric Attaway to second
|
|
Batting: RHB William Cole
|
0-0: Called Strike 0-1: Fly out, F8 (Flyball, 78S, EV 88.8 MPH)
|
| Bottom of the 1st over - 0 runs, 1 hit, 0 errors, 2 left on base; Eugene 1 - Salt Lake City 0 |
| TOP OF THE 2ND |
|
Eugene Emeralds batting - Pitching for Salt Lake City Bees : RHP Jamie Nelson
|
|
Batting: RHB Tim Wallach
|
0-0: Ground out 4-3 (Groundball, 4D, EV 98.8 MPH)
|
|
Batting: LHB Milt May
|
0-0: Foul Ball, location: 2F 0-1: Called Strike 0-2: Foul Ball, location: 2F 0-2: Fly out, F7 (Flyball, 7, EV 90.0 MPH)
|
|
Batting: LHB Terry Lee
|
0-0: Ball 1-0: Ball 2-0: Ball 3-0: Base on Balls
|
|
Batting: RHB Alan McDonald
|
0-0: Foul Ball, location: 2F 0-1: Ball 1-1: Swinging Strike 1-2: Ball 2-2: Fly out, F9 (Flyball, 9LM, EV 106.9 MPH)
|
| Top of the 2nd over - 0 runs, 0 hits, 0 errors, 1 left on base; Eugene 1 - Salt Lake City 0 |
| BOTTOM OF THE 2ND |
|
Salt Lake City Bees batting - Pitching for Eugene Emeralds : RHP Armando Gutierrez
|
|
Batting: RHB Darnell Coles
|
0-0: Ball 1-0: DOUBLE (Line Drive, 78D, EV 107.5 MPH)
|
|
Batting: LHB Robert Schuster
|
0-0: Called Strike 0-1: Called Strike 0-2: Strikes out looking
|
|
Batting: RHB Darrell Miller
|
0-0: Ground out 5-3 (Groundball, 25, EV 81.9 MPH)
|
|
Batting: RHB Reid Nichols
|
0-0: Called Strike 0-1: Swinging Strike 0-2: Ground out 5-3 (Groundball, 15, EV 93.1 MPH)
|
| Bottom of the 2nd over - 0 runs, 1 hit, 0 errors, 1 left on base; Eugene 1 - Salt Lake City 0 |
| TOP OF THE 3RD |
|
Eugene Emeralds batting - Pitching for Salt Lake City Bees : RHP Jamie Nelson
|
|
Batting: LHB James Peters
|
0-0: Called Strike 0-1: Called Strike 0-2: Foul Ball, location: 2F 0-2: Ground out 5-3 (Groundball, 56, EV 101.3 MPH)
|
|
Batting: LHB Randy Bush
|
0-0: Ball 1-0: Called Strike 1-1: Ball 2-1: Ball 3-1: Base on Balls
|
|
Pitching: RHP Ed Nunez
|
|
|
Batting: LHB Ty Gainey
|
0-0: Foul Ball, location: 2F 0-1: Ball 1-1: Ball 2-1: Foul Ball, location: 2F 2-2: Ball 3-2: Base on Balls Randy Bush to second
|
|
Batting: LHB Dave Revering
|
0-0: Ball 1-0: 3-RUN HOME RUN (Flyball, 9LD, EV 102.5 MPH), Distance : 361 ft
|
|
Batting: LHB Rick Lancellotti
|
0-0: Fly out, F8 (Line Drive, 8LD, EV 94.4 MPH)
|
|
Batting: RHB Tim Wallach
|
0-0: Called Strike 0-1: Fly out, F9 (Flyball, 9LS, EV 84.4 MPH)
|
| Top of the 3rd over - 3 runs, 1 hit, 0 errors, 0 left on base; Eugene 4 - Salt Lake City 0 |
| BOTTOM OF THE 3RD |
|
Salt Lake City Bees batting - Pitching for Eugene Emeralds : RHP Armando Gutierrez
|
|
Batting: LHB Mike Cole
|
0-0: Called Strike 0-1: Fly out, F9 (Flyball, 89D, EV 106.9 MPH)
|
|
Batting: LHB Eric Attaway
|
0-0: SINGLE (Groundball, 4MD, EV 111.3 MPH)
|
|
Batting: LHB Thomas Dorsey
|
0-0: Swinging Strike 0-1: SINGLE (Line Drive, 7S, EV 93.8 MPH) Eric Attaway to second
|
|
Batting: RHB Robert Potts
|
0-0: Ball 1-0: Called Strike 1-1: Grounds into double play, 5-4-3 (Groundball, 56, EV 88.8 MPH)
|
| Bottom of the 3rd over - 0 runs, 2 hits, 0 errors, 1 left on base; Eugene 4 - Salt Lake City 0 |
| TOP OF THE 4TH |
|
Eugene Emeralds batting - Pitching for Salt Lake City Bees : RHP Ed Nunez
|
|
Batting: LHB Milt May
|
0-0: Fly out, F9 (Flyball, 9D, EV 101.3 MPH)
|
|
Batting: LHB Terry Lee
|
0-0: Ball 1-0: Ball 2-0: Called Strike 2-1: SINGLE (Line Drive, 4D, EV 96.9 MPH)
|
|
Batting: RHB Alan McDonald
|
0-0: Foul Ball, location: 2F 0-1: Ball 1-1: Ground out 5-3 (Groundball, 5S, EV 69.4 MPH) Terry Lee to second
|
|
Batting: LHB James Peters
|
0-0: Called Strike 0-1: DOUBLE (Flyball, 7LD, EV 100.0 MPH) Terry Lee scores
|
|
Batting: LHB Randy Bush
|
0-0: Ball 1-0: Ball 2-0: Ball 3-0: Base on Balls
|
|
Batting: LHB Ty Gainey
|
0-0: Swinging Strike 0-1: Called Strike 0-2: Ball 1-2: Ball 2-2: Strikes out swinging
|
| Top of the 4th over - 1 run, 2 hits, 0 errors, 2 left on base; Eugene 5 - Salt Lake City 0 |
| BOTTOM OF THE 4TH |
|
Salt Lake City Bees batting - Pitching for Eugene Emeralds : RHP Armando Gutierrez
|
|
Batting: RHB William Cole
|
0-0: Swinging Strike 0-1: Ball 1-1: Ball 2-1: Foul Ball, location: 2F 2-2: Strikes out swinging, 2-3 out at first.
|
|
Batting: RHB Darnell Coles
|
0-0: Ball 1-0: SINGLE (Line Drive, 9S, EV 105.6 MPH)
|
|
Batting: LHB Robert Schuster
|
0-0: Ball 1-0: Ball 2-0: Ball 3-0: Base on Balls Darnell Coles to second
|
|
Batting: RHB Darrell Miller
|
0-0: Ball 1-0: Swinging Strike 1-1: Swinging Strike 1-2: Ball 2-2: Foul Ball, location: 2F 2-2: Grounds into double play, 1-6-3 (Groundball, 34S, EV 62.5 MPH)
|
| Bottom of the 4th over - 0 runs, 1 hit, 0 errors, 1 left on base; Eugene 5 - Salt Lake City 0 |
| TOP OF THE 5TH |
|
Eugene Emeralds batting - Pitching for Salt Lake City Bees : RHP Ed Nunez
|
|
Batting: LHB Dave Revering
|
0-0: Ball 1-0: Ball 2-0: Foul Ball, location: 2F 2-1: Swinging Strike 2-2: Ball 3-2: Foul Ball, location: 2F 3-2: Foul Ball, location: 2F 3-2: Base on Balls
|
|
Batting: LHB Rick Lancellotti
|
0-0: Fielders Choice at 2nd, 4-6 (Groundball, 4D, EV 88.8 MPH)
|
|
Batting: RHB Tim Wallach
|
0-0: Ball 1-0: Called Strike 1-1: Foul Ball, location: 2F 1-2: Ball 2-2: Ball 3-2: Base on Balls Rick Lancellotti to second
|
|
Batting: LHB Milt May
|
0-0: Called Strike 0-1: 3-RUN HOME RUN (Flyball, 9D, EV 88.1 MPH), Distance : 390 ft
|
|
Batting: LHB Terry Lee
|
0-0: Fly out, F8 (Flyball, 8RM, EV 88.8 MPH)
|
|
Batting: RHB Alan McDonald
|
0-0: SINGLE (Flyball, 78S, EV 96.3 MPH)
|
|
Batting: LHB James Peters
|
0-0: Foul Ball, location: 2F 0-1: Foul Ball, location: 2F 0-2: Ball 1-2: Foul Ball, location: 2F 1-2: Ball 2-2: Strikes out swinging
|
| Top of the 5th over - 3 runs, 2 hits, 0 errors, 1 left on base; Eugene 8 - Salt Lake City 0 |
| BOTTOM OF THE 5TH |
|
Salt Lake City Bees batting - Pitching for Eugene Emeralds : RHP Armando Gutierrez
|
|
Batting: RHB Reid Nichols
|
0-0: Fly out, F4 (Popup, 34, EV 58.8 MPH)
|
|
Batting: LHB Mike Cole
|
0-0: Called Strike 0-1: Called Strike 0-2: Ball 1-2: Fly out, F9 (Flyball, 89M, EV 90.0 MPH)
|
|
Batting: LHB Eric Attaway
|
0-0: Ball 1-0: Fly out, F5 (Popup, 5SF, EV 77.5 MPH)
|
| Bottom of the 5th over - 0 runs, 0 hits, 0 errors, 0 left on base; Eugene 8 - Salt Lake City 0 |
| TOP OF THE 6TH |
|
Eugene Emeralds batting - Pitching for Salt Lake City Bees : RHP Ed Nunez
|
|
Batting: LHB Randy Bush
|
0-0: SINGLE (Line Drive, 6MD, EV 98.8 MPH)
|
|
Batting: LHB Ty Gainey
|
0-0: SINGLE (Groundball, 5S, EV 71.3 MPH) (infield hit) Randy Bush to second
|
|
Batting: LHB Dave Revering
|
0-0: 3-RUN HOME RUN (Flyball, 89XD, EV 102.5 MPH), Distance : 430 ft
|
|
Pitching: RHP Jesse Baez
|
|
|
Batting: LHB Rick Lancellotti
|
0-0: Ball 1-0: Ground out 6-3 (Groundball, 6M, EV 76.3 MPH)
|
|
Batting: RHB Tim Wallach
|
0-0: Ball 1-0: Ball 2-0: Called Strike 2-1: Fly out, F9 (Flyball, 9, EV 88.8 MPH)
|
|
Batting: LHB Milt May
|
0-0: Called Strike 0-1: Foul Ball, location: 2F 0-2: SINGLE (Groundball, 6MD, EV 95.0 MPH)
|
|
Batting: LHB Terry Lee
|
0-0: Ball 1-0: Foul Ball, location: 2F 1-1: Ball 2-1: Foul Ball, location: 2F 2-2: Foul Ball, location: 2F 2-2: Ball 3-2: Base on Balls Milt May to second
|
|
Batting: RHB Alan McDonald
|
0-0: Ball 1-0: Fly out, F2 (Popup, 3SF, EV 88.8 MPH)
|
| Top of the 6th over - 3 runs, 4 hits, 0 errors, 2 left on base; Eugene 11 - Salt Lake City 0 |
| BOTTOM OF THE 6TH |
|
Salt Lake City Bees batting - Pitching for Eugene Emeralds : RHP Armando Gutierrez
|
|
Batting: LHB Thomas Dorsey
|
0-0: Called Strike 0-1: Called Strike 0-2: Fly out, F7 (Flyball, 7LM, EV 94.4 MPH)
|
|
Batting: RHB Robert Potts
|
0-0: Called Strike 0-1: Ground out 6-3 (Groundball, 6, EV 100.0 MPH)
|
|
Batting: RHB William Cole
|
0-0: Ball 1-0: Foul Ball, location: 2F 1-1: Ball 2-1: Ground out 5-3 (Groundball, 56, EV 85.0 MPH)
|
| Bottom of the 6th over - 0 runs, 0 hits, 0 errors, 0 left on base; Eugene 11 - Salt Lake City 0 |
| TOP OF THE 7TH |
|
Eugene Emeralds batting - Pitching for Salt Lake City Bees : RHP Jesse Baez
|
|
Pinch Hitting: RHB Mike Diaz
|
0-0: Ball 1-0: Ball 2-0: Swinging Strike 2-1: Fly out, F7 (Flyball, 7S, EV 85.0 MPH)
|
|
Batting: LHB Randy Bush
|
0-0: Called Strike 0-1: SINGLE (Flyball, 6D, EV 88.1 MPH) - OUT at second base trying to stretch hit.
|
|
Pinch Hitting: LHB George Perez
|
0-0: Ground out 5-3 (Groundball, 5, EV 106.3 MPH)
|
| Top of the 7th over - 0 runs, 1 hit, 0 errors, 0 left on base; Eugene 11 - Salt Lake City 0 |
| BOTTOM OF THE 7TH |
|
Salt Lake City Bees batting - Pitching for Eugene Emeralds : RHP Armando Gutierrez
|
|
Now in LF: George Perez
|
|
|
Now in RF: Jesus Vega
|
|
|
Pinch Hitting: RHB Roberto Hernandez
|
0-0: Ball 1-0: Ground out 6-3 (Groundball, 6, EV 85.0 MPH)
|
|
Pinch Hitting: RHB Joe Hicks
|
0-0: Ball 1-0: Ball 2-0: Called Strike 2-1: Ball 3-1: Base on Balls
|
|
Batting: RHB Darrell Miller
|
0-0: Ball 1-0: Ball 2-0: Fielders Choice at 2nd, 5-4 (Groundball, 56, EV 106.9 MPH)
|
|
Batting: RHB Reid Nichols
|
0-0: Ball 1-0: Called Strike Darrell Miller steals 2nd base (no throw) 1-1: Ball 2-1: Called Strike 2-2: Fly out, F7 (Flyball, 78XD, EV 105.0 MPH)
|
| Bottom of the 7th over - 0 runs, 0 hits, 0 errors, 1 left on base; Eugene 11 - Salt Lake City 0 |
| TOP OF THE 8TH |
|
Eugene Emeralds batting - Pitching for Salt Lake City Bees : RHP Jesse Baez
|
|
Now at 1B: Joe Hicks
|
|
|
Now at 3B: Roberto Hernandez
|
|
|
Pinch Hitting: LHB Ron Harrison
|
0-0: Foul Ball, location: 2F 0-1: Ball 1-1: Ball 2-1: SINGLE (Line Drive, 9S, EV 96.3 MPH)
|
|
Batting: LHB Rick Lancellotti
|
0-0: Ball 1-0: Fly out, F8 (Flyball, 8RXD, EV 96.9 MPH)
|
|
Pinch Hitting: LHB Adrian McCarthy
|
0-0: Called Strike 0-1: Ball 1-1: Foul Ball, location: 2F 1-2: Ball Wild Pitch! Ron Harrison to second 2-2: Ball 3-2: Fly out, F4 (Line Drive, 4, EV 69.4 MPH)
|
|
Batting: LHB Milt May
|
0-0: Ball 1-0: Ball 2-0: Ball 3-0: Base on Balls
|
|
Batting: LHB Terry Lee
|
0-0: Fielders Choice at 2nd, 6-4 (Groundball, 6, EV 83.8 MPH)
|
| Top of the 8th over - 0 runs, 1 hit, 0 errors, 2 left on base; Eugene 11 - Salt Lake City 0 |
| BOTTOM OF THE 8TH |
|
Salt Lake City Bees batting - Pitching for Eugene Emeralds : RHP Armando Gutierrez
|
|
Now at 1B: Terry Bogener
|
|
|
Now at 3B: Adrian McCarthy
|
|
|
Batting: LHB Mike Cole
|
0-0: Ball 1-0: Foul Ball, location: 2F 1-1: Ball 2-1: Fly out, F2 (Popup, 2LF, EV 89.4 MPH)
|
|
Batting: LHB Eric Attaway
|
0-0: Ball 1-0: Fly out, F7 (Flyball, 7D, EV 105.0 MPH)
|
|
Batting: LHB Thomas Dorsey
|
0-0: Ball 1-0: Ball 2-0: Ground out 5-3 (Groundball, 56S, EV 70.0 MPH)
|
| Bottom of the 8th over - 0 runs, 0 hits, 0 errors, 0 left on base; Eugene 11 - Salt Lake City 0 |
| TOP OF THE 9TH |
|
Eugene Emeralds batting - Pitching for Salt Lake City Bees : RHP Jesse Baez
|
|
Batting: RHB Alan McDonald
|
0-0: Called Strike 0-1: Fly out, F8 (Flyball, 8LXD, EV 93.8 MPH)
|
|
Batting: RHB Jesus Vega
|
0-0: Ball 1-0: Ball 2-0: Ground out 6-3 (Groundball, 6, EV 103.8 MPH)
|
|
Pitching: RHP Kevin Jacobson
|
|
|
Batting: LHB Randy Bush
|
0-0: Ball 1-0: Swinging Strike 1-1: Ball 2-1: Ground out U3 (Groundball, 34, EV 105.6 MPH)
|
| Top of the 9th over - 0 runs, 0 hits, 0 errors, 0 left on base; Eugene 11 - Salt Lake City 0 |
| BOTTOM OF THE 9TH |
|
Salt Lake City Bees batting - Pitching for Eugene Emeralds : RHP Armando Gutierrez
|
|
Batting: RHB Robert Potts
|
0-0: Ground out U3 (Groundball, 3, EV 100.6 MPH)
|
|
Batting: RHB William Cole
|
0-0: Ball 1-0: Swinging Strike 1-1: Foul Ball, location: 2F 1-2: Foul Ball, location: 2F 1-2: Ground out 2-3 (Groundball, 2R, EV 67.5 MPH)
|
|
Batting: RHB Roberto Hernandez
|
0-0: Ball 1-0: Ball 2-0: Called Strike 2-1: SINGLE (Flyball, 8RS, EV 91.9 MPH)
|
|
Batting: RHB Joe Hicks
|
0-0: Ball 1-0: Swinging Strike 1-1: Fly out, F9 (Flyball, 89S, EV 95.0 MPH)
|
| Bottom of the 9th over - 0 runs, 1 hit, 0 errors, 1 left on base; Eugene 11 - Salt Lake City 0 |
|